[Event "41st Amateur D7"]
[Site "ChessGUI4"]
[Date "2013.07.12"]
[Round "36.3"]
[White "Shallow 1.0 64-bit"]
[Black "Gibbon 2.57a 64-bit"]
[Result "0-1"]
[BlackElo "2251"]
[ECO "B04"]
[EventDate "2013.??.??"]
[TimeControl "40/1500:40/1500:40/1500"]
[WhiteElo "2200"]

{ i5 Quad } 1.e4 Nf6 2.e5 Nd5 3.d4 d6 4.Nf3 dxe5 5.Nxe5 c6 6.Bd3 Nd7 7.O-O Nxe5 8.dxe5 Be6 9.a3 g6
{ [%eval -9,15] [%emt 0: 01:32] (g6) } 10.Qe2
{ [%eval 3,13] [%emt 0:00:42] (Qe2) } 10...Bg7
{ [%eval -7,14] [%emt 0:01:02] (Bg7) } 11.Bd2
{ [%eval 4,13] [%emt 0:00:42] (Bd2) } 11...O-O
{ [%eval -5,13] [%emt 0:00:28] (Nb6) } 12.Nc3
{ [%eval 10,14] [%emt 0:00:42] (Nc3) } 12...Nb6
{ [%eval 2,13] [%emt 0:00:34] (Qb6) } 13.Be3
{ [%eval 24,13] [%emt 0:00:42] (Be3) } 13...Qc7
{ [%eval -6,13] [%emt 0:01:16] (Qc7) } 14.f4
{ [%eval 27,14] [%emt 0:00:42] (f4) } 14...Rfe8
{ [%eval -9,11] [%emt 0:00:21] (a6) } 15.Rad1
{ [%eval 27,13] [%emt 0: 00:42] (a4) } 15...Rad8
{ [%eval -9,12] [%emt 0:00:31] (Rad8) } 16.Qf2
{ [%eval 29,13] [%emt 0:00:42] (Kh1) } 16...Bg4
{ [%eval -9,13] [%emt 0:00:54] (Bg4) } 17.Rd2
{ [%eval 29,13] [%emt 0:00:42] (Rd2) } 17...Rd7
{ [%eval -10,12] [%emt 0:00:29] (Be6) } 18.Qh4
{ [%eval 33,12] [%emt 0:00:42] (Kh1) } 18...h5
{ [%eval -12,12] [%emt 0:00:30] (Be6) } 19.h3
{ [%eval 47,12] [%emt 0:00:42] (Kh1) } 19...Be6
{ [%eval 5,12] [%emt 0: 00:14] (Be6) } 20.Rfd1
{ [%eval 42,13] [%emt 0:00:42] (Rfd1) } 20...Nd5
{ [%eval 2,12] [%emt 0:01:01] (Nc4) } 21.Nxd5
{ [%eval 46,14] [%emt 0:00:42] (Nxd5) } 21...Rxd5
{ [%eval -3,12] [%emt 0:00:16] (Rxd5) } 22.Qf2
{ [%eval 45,13] [%emt 0:00:42] (Qf2) } 22...Ra5
{ [%eval -2,11] [%emt 0:00:12] (a6) } 23.Bd4
{ [%eval 56,12] [%emt 0: 00:42] (Be2) } 23...Rd8
{ [%eval 1,11] [%emt 0:00:18] (b6) } 24.Bc3
{ [%eval 116,14] [%emt 0:00:42] (f5) } 24...Ra4
{ [%eval -70,13] [%emt 0:00:23] (Ra4) } 25.Bb4
{ [%eval 112,13] [%emt 0:00:42] (Bb4) } 25...b5
{ [%eval -70,12] [%emt 0:00:19] (b5) } 26.b3
{ [%eval 101,14] [%emt 0:00:42] (b3) } 26...Ra6
{ [%eval -92,12] [%emt 0:00:16] (Ra6) } 27.Qc5
{ [%eval 109,13] [%emt 0:00:42] (a4) } 27...Rd5
{ [%eval -117,13] [%emt 0:00:57] (Rd5) } 28.Qxe7
{ [%eval 105,14] [%emt 0:00:42] (Qxe7) } 28...Qxe7
{ [%eval -120,13] [%emt 0:00:14] (Qxe7) } 29.Bxe7
{ [%eval 107,15] [%emt 0:00:42] (Bxe7) } 29...Rd4
{ [%eval -91,14] [%emt 0:00:19] (Bh6) } 30.Rf2
{ [%eval 106,14] [%emt 0:00: 42] (a4) } 30...Bf8
{ [%eval -74,14] [%emt 0:00:15] (Bf5) } 31.Bxf8
{ [%eval 99,16] [%emt 0:00:42] (Bxf8) } 31...Kxf8
{ [%eval -59,14] [%emt 0:00:08] (Kxf8) } 32.Ra1
{ [%eval 103,15] [%emt 0:00:42] (Ra1) } 32...Ke7
{ [%eval -58,14] [%emt 0:00:15] (Bxb3) } 33.Rf3
{ [%eval 109,14] [%emt 0:00:42] (Kh2) } 33...Bf5
{ [%eval -72,15] [%emt 0:00: 40] (Rb4) } 34.Bxf5
{ [%eval 110,15] [%emt 0:00:42] (Bxf5) } 34...gxf5
{ [%eval -72,15] [%emt 0:00:10] (gxf5) } 35.c3
{ [%eval 107,14] [%emt 0:00:42] (c3) } 35...Rd8
{ [%eval -73,15] [%emt 0:00:09] (Rd2) } 36.b4
{ [%eval 107,14] [%emt 0:00:42] (b4) } 36...c5
{ [%eval -80,15] [%emt 0:00:13] (f6) } 37.Re3
{ [%eval 114,13] [%emt 0:00: 42] (bxc5) } 37...c4
{ [%eval -27,15] [%emt 0:00:13] (f6) } 38.Kf2
{ [%eval 106,14] [%emt 0:00:42] (Ra2) } 38...Rd2+
{ [%eval 0,15] [%emt 0:00:10] (Rd2) } 39.Re2
{ [%eval 80,16] [%emt 0:00:42] (Kg3) } 39...Rd3
{ [%eval -49,17] [%emt 0:00:22] (Rd3) } 40.Re3
{ [%eval 80,16] [%emt 0:00:42] (a4) } 40...Rd2+
{ [%eval 0,17] [%emt 0:00:14] (Rd2) } 41.Re2
{ [%eval 75,16] [%emt 0:00:37] (Re2) } 41...Rd3
{ [%eval -46,18] [%emt 0:00:43] (Rd3) } 42.a4
{ [%eval 74,15] [%emt 0:00:37] (a4) } 42...Rxc3
{ [%eval -59,18] [%emt 0:00:47] (bxa4) } 43.Rea2
{ [%eval 91,15] [%emt 0:00:37] (Rea2) } 43...Rxa4
{ [%eval -73,17] [%emt 0:00:37] (bxa4) } 44.Rxa4
{ [%eval 102,15] [%emt 0:00:37] (Rxa4) } 44...bxa4
{ [%eval -74,18] [%emt 0:00:12] (bxa4) } 45.Rxa4
{ [%eval 71,15] [%emt 0:00:37] (Rxa4) } 45...Rb3
{ [%eval -80,18] [%emt 0:00:41] (Rb3) } 46.Rxa7+
{ [%eval 92,15] [%emt 0:00:37] (Rxa7) } 46...Ke6
{ [%eval -78,19] [%emt 0:01:17] (Ke6) } 47.Rc7
{ [%eval 89,15] [%emt 0:00:37] (Rb7) } 47...Rxb4
{ [%eval -12,19] [%emt 0:00: 58] (Rxb4) } 48.Kg3
{ [%eval 87,16] [%emt 0:00:37] (Kg3) } 48...Kd5
{ [%eval 0,18] [%emt 0:01:24] (f6) } 49.Rxf7
{ [%eval 101,14] [%emt 0:00:37] (Kh4) } 49...c3
{ [%eval 0,18] [%emt 0:01:14] (c3) } 50.Rc7
{ [%eval 101,16] [%emt 0:00:37] (Rc7) } 50...Kd4
{ [%eval 0,18] [%emt 0:00:27] (h4) } 51.e6
{ [%eval 94,14] [%emt 0:00:37] (Kh4) } 51...Kd3
{ [%eval 0,18] [%emt 0:00:53] (Kd3) } 52.Rd7+
{ [%eval 67,14] [%emt 0: 00:37] (e7) } 52...Ke3
{ [%eval 0,17] [%emt 0:01:30] (Ke3) } 53.Rc7
{ [%eval 51,15] [%emt 0:00:37] (Kh4) } 53...Kd2
{ [%eval 0,18] [%emt 0:00:33] (Kd3) } 54.Rc5
{ [%eval 63,14] [%emt 0:00:37] (Rd7) } 54...Rb8
{ [%eval 0,16] [%emt 0:00:43] (Rb8) } 55.Rd5+
{ [%eval 3,13] [%emt 0:00:37] (Rd5) } 55...Ke3
{ [%eval 0,17] [%emt 0:00:20] (Ke2) } 56.Rc5
{ [%eval 1,15] [%emt 0:00:37] (e7) } 56...Kd3
{ [%eval 0,17] [%emt 0:00:19] (Kd2) } 57.Kh4
{ [%eval 0,14] [%emt 0:00:37] (e7) } 57...c2
{ [%eval 41,16] [%emt 0:00:20] (c2) } 58.Kxh5
{ [%eval 0,15] [%emt 0:00:37] (Kg5) } 58...Re8
{ [%eval 224,18] [%emt 0: 00:29] (Re8) } 59.Rd5+
{ [%eval 0,14] [%emt 0:00:37] (Kg6) } 59...Kc4
{ [%eval 271,19] [%emt 0:00:19] (Kc3) } 60.Rd7
{ [%eval -131,15] [%emt 0:00:37] (Rd7) } 60...Rxe6
{ [%eval 306,18] [%emt 0:00:29] (Rxe6) } 61.Rc7+
{ [%eval -146,14] [%emt 0:00:37] (Rc7) } 61...Kd3
{ [%eval 272,19] [%emt 0:00:38] (Kb3) } 62.Rd7+
{ [%eval -155,15] [%emt 0:00:37] (g4) } 62...Ke3
{ [%eval 254,20] [%emt 0:00:24] (Kc3) } 63.Rc7
{ [%eval -155,15] [%emt 0:00:37] (Rc7) } 63...Kd2
{ [%eval 216,19] [%emt 0:00:18] (Kd2) } 64.Rd7+
{ [%eval -239,15] [%emt 0:00:37] (g4) } 64...Kc1
{ [%eval 267,20] [%emt 0:00: 42] (Kc1) } 65.Rc7
{ [%eval -274,16] [%emt 0:00:37] (Rc7) } 65...Re3
{ [%eval 272,19] [%emt 0:00:18] (Re3) } 66.Kg5
{ [%eval -278,16] [%emt 0:00:37] (Kg6) } 66...Kd2
{ [%eval 236,19] [%emt 0:00:17] (Rg3) } 67.Rxc2+
{ [%eval -279,15] [%emt 0:00:37] (Rxc2) } 67...Kxc2
{ [%eval 246,19] [%emt 0:00:07] (Kxc2) } 68.h4
{ [%eval -222,15] [%emt 0:00:37] (Kxf5) } 68...Kd3
{ [%eval 174,19] [%emt 0:00:16] (Rg3) } 69.h5
{ [%eval -144,16] [%emt 0:00:37] (Kxf5) } 69...Ke4
{ [%eval 982,25] [%emt 0:00:20] (Ke4) } 70.h6
{ [%eval -164,16] [%emt 0:00:37] (Kh4) } 70...Rg3+
{ [%eval -31798,25] [%emt 0:00:21] (Rg3) } 71.Kf6
{ [%eval -804,17] [%emt 0:00:37] (Kf6) } 71...Rxg2
{ [%eval -31794,27] [%emt 0:00:30] (Rxg2) } 72.h7
{ [%eval -989,15] [%emt 0:00:37] (Ke7) } 72...Rh2
{ [%eval -31792,28] [%emt 0:00:25] (Rh2) } 73.Kg7
{ [%eval -991,14] [%emt 0: 00:37] (Kg7) } 73...Kxf4
{ [%eval -31790,29] [%emt 0:00:22] (Kxf4) } 0-1

[Event "41st Amateur D7"]
[Site "ChessGUI4"]
[Date "2013.07.12"]
[Round "36.4"]
[White "ChessKiss 1.7 64-bit"]
[Black "Butcher 1.64 64-bit"]
[Result "1/2-1/2"]
[BlackElo "2355"]
[ECO "C09"]
[EventDate "2013.??.??"]
[TimeControl "40/1500:40/1500:40/1500"]
[WhiteElo "2214"]

{ i5 Quad } 1.e4 e6 2.d4 d5 3.Nd2 c5 4.exd5 exd5 5.Bb5+ Nc6 6.Ngf3 Bd6 7.dxc5 Bxc5 8.O-O Ne7 9.Nb3 Bd6 { [%eval 34,11] [%emt 0:01:06] (Bb6) } 10.Re1
{ [%eval 30,12] [%emt 0:00:41] (Nfd4) } 10...O-O
{ [%eval 21,11] [%emt 0:00:59] (O-O) } 11.Be3
{ [%eval 28,10] [%emt 0:00:40] (Bd3) } 11...a6
{ [%eval 11,11] [%emt 0:00:59] (Qc7) } 12.Bd3
{ [%eval 30,11] [%emt 0: 00:39] (Bd3) } 12...Qc7
{ [%eval 13,11] [%emt 0:00:58] (Re8) } 13.Bc5
{ [%eval 34,10] [%emt 0:00:38] (h3) } 13...Bxc5
{ [%eval 9,11] [%emt 0:01:04] (Re8) } 14.Nxc5
{ [%eval 32,11] [%emt 0:00:37] (Nxc5) } 14...Re8
{ [%eval 12,10] [%emt 0:01:03] (Re8) } 15.c3
{ [%eval 35,11] [%emt 0:00:35] (c3) } 15...b6
{ [%eval 18,11] [%emt 0:01:02] (b6) } 16.Nb3
{ [%eval 38,11] [%emt 0:00:30] (Nb3) } 16...Qf4
{ [%eval 29,11] [%emt 0: 01:01] (Qf4) } 17.Qc2
{ [%eval 48,11] [%emt 0:00:34] (Qe2) } 17...Bg4
{ [%eval 37,11] [%emt 0:01:00] (Bg4) } 18.Nbd4
{ [%eval 75,12] [%emt 0:00:33] (Nfd4) } 18...Bxf3
{ [%eval 35,10] [%emt 0:00:59] (Qh6) } 19.Nxf3
{ [%eval 93,12] [%emt 0:00:33] (Nxf3) } 19...h6
{ [%eval 56,11] [%emt 0:00:51] (g6) } 20.Re3
{ [%eval 96,12] [%emt 0: 00:31] (Qe2) } 20...Qd6
{ [%eval 72,11] [%emt 0:00:55] (Qf6) } 21.Rae1
{ [%eval 103,12] [%emt 0:00:30] (Qe2) } 21...Ra7
{ [%eval 73,11] [%emt 0:00:48] (Ra7) } 22.Qd2
{ [%eval 99,11] [%emt 0:00:29] (a4) } 22...b5
{ [%eval 68,11] [%emt 0:00:47] (b5) } 23.Bc2
{ [%eval 108,12] [%emt 0:00:27] (Bc2) } 23...Rd7
{ [%eval 83,11] [%emt 0:00:47] (b4) } 24.Nd4
{ [%eval 119,12] [%emt 0:00:27] (Nd4) } 24...Nxd4
{ [%eval 84,11] [%emt 0:00:43] (Nxd4) } 25.Qxd4
{ [%eval 130,11] [%emt 0:00:27] (Qxd4) } 25...Rc7
{ [%eval 100,11] [%emt 0:00:46] (Rc7) } 26.Bd3
{ [%eval 128,11] [%emt 0:00:26] (Qd3) } 26...Qc6
{ [%eval 91,11] [%emt 0:00:45] (Qd7) } 27.Qb4
{ [%eval 190,12] [%emt 0:00:25] (Re5) } 27...Qd7
{ [%eval 114,12] [%emt 0:00:44] (Qb7) } 28.a4
{ [%eval 193,12] [%emt 0:00:24] (a4) } 28...Rb7
{ [%eval 116,12] [%emt 0:00:43] (Rb7) } 29.axb5
{ [%eval 178, 12] [%emt 0:00:24] (axb5) } 29...axb5
{ [%eval 112,12] [%emt 0:00:39] (axb5) } 30.Qc5
{ [%eval 214,12] [%emt 0:00:21] (Qc5) } 30...g6
{ [%eval 112,11] [%emt 0:00:42] (h5) } 31.b4
{ [%eval 227,12] [%emt 0:00:09] (Qb4) } 31...Kg7
{ [%eval 135,11] [%emt 0:00:37] (Kg7) } 32.R1e2
{ [%eval 217,11] [%emt 0:00:08] (Re5) } 32...Kf8
{ [%eval 153,12] [%emt 0:00:40] (Kg8) } 33.Qd4
{ [%eval 229,13] [%emt 0:00:22] (h3) } 33...Kg8
{ [%eval 180,12] [%emt 0:00:35] (Kg8) } 34.Qf6
{ [%eval 229,13] [%emt 0:00:19] (Qf6) } 34...Ra7
{ [%eval 211,12] [%emt 0:00:33] (Ra7) } 35.Re1
{ [%eval 230,12] [%emt 0:00:21] (f4) } 35...h5
{ [%eval 300,11] [%emt 0:00:28] (Rc7) } 36.f3
{ [%eval 278,12] [%emt 0:00:20] (f4) } 36...Qb7
{ [%eval 260,11] [%emt 0:00:28] (Rb7) } 37.Qd4
{ [%eval 265,12] [%emt 0:00:19] (Qd4) } 37...Qb8
{ [%eval 268,11] [%emt 0:00:26] (Ra6) } 38.Bxb5
{ [%eval 286,12] [%emt 0:00:19] (Bxb5) } 38...Rd8
{ [%eval 304,11] [%emt 0:00: 24] (Rd8) } 39.Rxe7
{ [%eval 273,12] [%emt 0:00:19] (Bd3) } 39...Rxe7
{ [%eval 255,13] [%emt 0:00:22] (Rxe7) } 40.Rxe7
{ [%eval 278,14] [%emt 0:00:18] (Rxe7) } 40...Qxb5
{ [%eval 255,12] [%emt 0:00:15] (Qxb5) } 41.Qf6
{ [%eval 282,16] [%emt 0:00:54] (Qf6) } 41...Rf8
{ [%eval 271,14] [%emt 0:00:45] (Rf8) } 42.h3
{ [%eval 272,14] [%emt 0:00:42] (Kf2) } 42...Qd3
{ [%eval 269,14] [%emt 0:00:49] (Qd3) } 43.Kh1
{ [%eval 288, 14] [%emt 0:00:57] (Rc7) } 43...Qf1+
{ [%eval 268,14] [%emt 0:00:48] (Qf1) } 44.Kh2
{ [%eval 1,1] [%emt 0:00:00] (Kh2) } 44...Qb5 45.Rc7
{ [%eval 284,15] [%emt 0:00:57] (f4) } 45...Qb8
{ [%eval 261,14] [%emt 0:00:48] (Qb8) } 46.Qd6
{ [%eval 298,16] [%emt 0:00:55] (Qd6) } 46...Rd8
{ [%eval 253,13] [%emt 0:00: 47] (Rd8) } 47.Qe7
{ [%eval 321,16] [%emt 0:00:53] (Qe7) } 47...Rf8
{ [%eval 260,15] [%emt 0:00:52] (Rf8) } 48.Qd6
{ [%eval 290,15] [%emt 0:00:51] (f4) } 48...Kg7
{ [%eval 268,14] [%emt 0:00:52] (Rc8) } 49.f4
{ [%eval 361,14] [%emt 0:00:50] (f4) } 49...Re8
{ [%eval 279,13] [%emt 0:00:47] (Rd8) } 50.Qd7
{ [%eval 374,15] [%emt 0:00: 48] (c4) } 50...Rf8
{ [%eval 273,14] [%emt 0:00:50] (Rf8) } 51.b5
{ [%eval 364,13] [%emt 0:00:47] (Qe7) } 51...Qb6
{ [%eval 256,14] [%emt 0:00:45] (Qb6) } 52.Rc6
{ [%eval 325,14] [%emt 0:00:46] (Qe7) } 52...Qf2
{ [%eval 216,14] [%emt 0:00:49] (Qd8) } 53.Qd6
{ [%eval 315,14] [%emt 0:00:44] (Qd6) } 53...h4
{ [%eval 204,14] [%emt 0:00:48] (h4) } 54.Qf6+
{ [%eval 334,14] [%emt 0:00:43] (Qf6) } 54...Kh7
{ [%eval 221,14] [%emt 0:00:41] (Kg8) } 55.Qe5
{ [%eval 335,13] [%emt 0:00:42] (Qg5) } 55...f6
{ [%eval 176, 14] [%emt 0:00:41] (Qg3) } 56.Qe7+
{ [%eval 199,13] [%emt 0:00:42] (Qe7) } 56...Kg8
{ [%eval 200,15] [%emt 0:00:36] (Kg8) } 57.b6
{ [%eval 226,13] [%emt 0:00:39] (Qe6) } 57...Ra8
{ [%eval 0,15] [%emt 0:00:40] (Qxf4) } 58.Qe6+
{ [%eval 58,15] [%emt 0:00:39] (Qe6) } 58...Kh7
{ [%eval 0,17] [%emt 0:01:10] (Kh7) } 59.Rc7+
{ [%eval 38,15] [%emt 0:00:37] (Rc7) } 59...Kh6
{ [%eval 0,16] [%emt 0:00:31] (Kh6) } 60.Ra7
{ [%eval 24,15] [%emt 0:00:37] (Ra7) } 60...Qxf4+
{ [%eval 0,14] [%emt 0:00:37] (Rb8) } 61.Kh1
{ [%eval 36,15] [%emt 0:00:35] (Kg1) } 61...Qc1+
{ [%eval 0,15] [%emt 0:00:37] (Qc1) } 62.Kh2
{ [%eval 24,16] [%emt 0:00:34] (Kh2) } 62...Qf4+
{ [%eval 5,14] [%emt 0:00:37] (Qf4) } 63.Kg1
{ [%eval 26,15] [%emt 0:00:33] (Kg1) } 63...Qc1+
{ [%eval 0,13] [%emt 0: 00:31] (Qc1) } 64.Kf2
{ [%eval 0,15] [%emt 0:00:32] (Kf2) } 64...Rb8
{ [%eval 12,12] [%emt 0:00:36] (Rb8) } 65.Qxf6
{ [%eval 0,14] [%emt 0:00:31] (Qxf6) } 65...Qd2+
{ [%eval 0,15] [%emt 0:00:35] (Qd2) } 66.Kf1
{ [%eval 0,17] [%emt 0:00:30] (Kg1) } 66...Qd1+
{ [%eval 2,16] [%emt 0:00:34] (Qd1) } 67.Kf2
{ [%eval 1,1] [%emt 0:00:00] (Kf2) } 67...Qd2+ 68.Kf1 { [%eval 0,18] [%emt 0:00:29] (Kg1) }
68...Qd1+ { [%eval 0,16] [%emt 0:00:32] (Qd1) } 69.Kf2
{ [%eval 1,1] [%emt 0: 00:00] (Kf2) } 69...Qd2+ 1/2-1/2

[Event "41st Amateur D7"]
[Site "ChessGUI4"]
[Date "2013.07.12"]
[Round "36.5"]
[White "FireFly 2.6.0 64-bit"]
[Black "Tigran 2.3 64-bit"]
[Result "0-1"]
[BlackElo "2289"]
[ECO "A16"]
[EventDate "2013.??.??"]
[TimeControl "40/1500:40/1500:40/1500"]
[WhiteElo "2258"]

{ i5 Quad } 1.Nf3 Nf6 2.c4 g6 3.Nc3 d5 4.cxd5 Nxd5 5.Qa4+ Bd7 6.Qh4 Nxc3 7.dxc3 Nc6 8.e4 e5 9.Bg5 Be7 { [%eval -30,14] [%emt 0:00:36] (Be7) } 10.Bxe7
{ [%eval 40,13] [%emt 0:00:56] (Qh6) } 10...Qxe7
{ [%eval 2,14] [%emt 0:00:35] (Qxe7) } 11.Qxe7+
{ [%eval 53,12] [%emt 0:00: 46] (e1c1) } 11...Kxe7
{ [%eval 4,14] [%emt 0:00:43] (Kxe7) } 12.h3
{ [%eval 48,12] [%emt 0:00:46] (Bb5) } 12...f5
{ [%eval 12,14] [%emt 0:00:43] (Rad8) } 13.Bd3
{ [%eval 20,12] [%emt 0:00:45] (Bb5) } 13...a6
{ [%eval 9,13] [%emt 0:00:43] (Rad8) } 14.O-O
{ [%eval 71,11] [%emt 0:00:45] (e1g1) } 14...Rad8
{ [%eval 20,14] [%emt 0:00:43] (Rhd8) } 15.Rfe1
{ [%eval 46,12] [%emt 0:00:45] (Rfd1) } 15...Be6
{ [%eval 32,15] [%emt 0:00:43] (Kf6) } 16.Bc2
{ [%eval 37,12] [%emt 0:00:44] (Bc2) } 16...f4
{ [%eval 20,15] [%emt 0:00:43] (Kf6) } 17.Ba4
{ [%eval 15,12] [%emt 0:00:44] (Ba4) } 17...b5
{ [%eval 12,15] [%emt 0:00:44] (Kf6) } 18.Bc2
{ [%eval 61,11] [%emt 0:00:44] (Bd1) } 18...Rd6
{ [%eval 30,14] [%emt 0:00:43] (Rd6) } 19.a4
{ [%eval 45,11] [%emt 0:00:43] (a4) } 19...Rhd8
{ [%eval 29,14] [%emt 0:00:44] (Bc4) } 20.axb5
{ [%eval 26,12] [%emt 0:00:43] (b4) } 20...axb5
{ [%eval 27,14] [%emt 0:00:44] (axb5) } 21.b3
{ [%eval 24,11] [%emt 0:00:43] (Red1) } 21...b4
{ [%eval 34,14] [%emt 0:00:44] (b4) } 22.c4
{ [%eval 27,11] [%emt 0:00:42] (c4) } 22...Nd4
{ [%eval 41,15] [%emt 0:00:45] (Nd4) } 23.Nxd4
{ [%eval 8,13] [%emt 0:00:42] (Nxd4) } 23...Rxd4
{ [%eval 72,15] [%emt 0:00:42] (Rxd4) } 24.Ra7
{ [%eval 0,12] [%emt 0:00:33] (Ra7) } 24...R8d7
{ [%eval 67,16] [%emt 0:00:45] (R8d7) } 25.Rc1
{ [%eval 8,11] [%emt 0:00:33] (Rc1) } 25...Rd2
{ [%eval 74,15] [%emt 0: 00:42] (Rd2) } 26.Kf1
{ [%eval 24,11] [%emt 0:00:33] (Kf1) } 26...f3
{ [%eval 74,14] [%emt 0:00:46] (c5) } 27.gxf3
{ [%eval 40,12] [%emt 0:00:33] (gxf3) } 27...Bxh3+
{ [%eval 74,15] [%emt 0:00:46] (Bxh3) } 28.Ke1
{ [%eval -2,13] [%emt 0:00:33] (Ke1) } 28...R2d6
{ [%eval 63,15] [%emt 0:00:42] (Bg2) } 29.c5
{ [%eval 36,12] [%emt 0: 00:33] (Ra5) } 29...Rc6
{ [%eval 69,16] [%emt 0:00:43] (Rf6) } 30.Bd1
{ [%eval 50,12] [%emt 0:00:33] (Bd1) } 30...Rd3
{ [%eval -13,15] [%emt 0:00:48] (Rd8) } 31.Ra4
{ [%eval 60,12] [%emt 0:00:33] (Be2) } 31...Rd4
{ [%eval 8,15] [%emt 0:00:48] (Bg2) } 32.Be2
{ [%eval 4,12] [%emt 0:00:33] (Be2) } 32...g5
{ [%eval 30,15] [%emt 0:00:49] (Bg2) } 33.Ra7
{ [%eval 0,13] [%emt 0:00:33] (Ra7) } 33...Rh6
{ [%eval 38,14] [%emt 0:00:49] (Bg2) } 34.Rxc7+
{ [%eval 58,12] [%emt 0:00:33] (Rxc7) } 34...Kd8
{ [%eval 24,16] [%emt 0:00:50] (Kd8) } 35.Rg7
{ [%eval -49,14] [%emt 0:00:33] (Rg7) } 35...Bg2
{ [%eval 22,17] [%emt 0:00:51] (Bg2) } 36.Bf1
{ [%eval -64,14] [%emt 0:00:33] (Bf1) } 36...Bxf1
{ [%eval 22,16] [%emt 0:00:44] (Bxf1) } 37.c6
{ [%eval -37,14] [%emt 0:00:33] (c6) } 37...Bc4
{ [%eval 14,17] [%emt 0:00:55] (Bc4) } 38.Rxc4
{ [%eval -23, 14] [%emt 0:00:33] (Rxc4) } 38...Rxc4
{ [%eval 6,17] [%emt 0:00:57] (Rxc4) } 39.bxc4
{ [%eval -32,15] [%emt 0:00:33] (bxc4) } 39...Rxc6
{ [%eval -22,17] [%emt 0:00:59] (Rxc6) } 40.Rxg5
{ [%eval -76,15] [%emt 0:00:33] (Rxg5) } 40...Rxc4
{ [%eval -27,17] [%emt 0:01:05] (b3) } 41.Rxe5
{ [%eval -30,14] [%emt 0:00:36] (Rxe5) } 41...b3
{ [%eval -31,16] [%emt 0:00:34] (b3) } 42.Rb5
{ [%eval 13,15] [%emt 0:00:36] (Rb5) } 42...Rc1+
{ [%eval -24,16] [%emt 0:00:34] (Rc3) } 43.Kd2
{ [%eval 88,14] [%emt 0:00: 36] (Ke2) } 43...Rc2+
{ [%eval -33,16] [%emt 0:00:34] (Rc2) } 44.Kd3
{ [%eval 88,14] [%emt 0:00:36] (Kd1) } 44...Rxf2
{ [%eval -21,17] [%emt 0:00:34] (Rxf2) } 45.Ke3
{ [%eval 74,15] [%emt 0:00:36] (Ke3) } 45...Rb2
{ [%eval -33,16] [%emt 0:00:34] (Rb2) } 46.Kd4
{ [%eval 75,14] [%emt 0:00:36] (Kd4) } 46...Rb1
{ [%eval -40,16] [%emt 0:00:34] (Kd7) } 47.Kc3
{ [%eval 64,14] [%emt 0:00:36] (Kc3) } 47...Re1
{ [%eval -42,15] [%emt 0:00:34] (Kd7) } 48.Kxb3
{ [%eval 32,14] [%emt 0:00:36] (Rd5) } 48...Rb1+
{ [%eval 667, 20] [%emt 0:00:34] (Rb1) } 49.Kc4
{ [%eval -622,14] [%emt 0:00:37] (Ka4) } 49...Rxb5
{ [%eval 677,19] [%emt 0:00:29] (Rxb5) } 50.Kxb5
{ [%eval -1073,18] [%emt 0:01:02] (Kxb5) } 0-1